[Event "Team 45 45 League T56"]
[Site "Internet Chess Club"]
[Date "2013.03.30"]
[Round "6"]
[White "WzeroMN"]
[Black "wildangels"]
[Result "1-0"]
[WhiteElo "1026"]
[BlackElo "1061"]
[Opening "French: advance variation"]
[ECO "C02"]
[Time "10:30:37"]
[TimeControl "2700+45"]

1. e4 e6 2. d4 d5 3. e5 Bb4+ 4. c3 Be7 5. Nf3 Nc6 6. Be2 Bd7 7. O-O Na5 8. b4
Nc4 9. Nbd2 f6 10. Nxc4 dxc4 11. exf6 Nxf6 12. Bxc4 b5 13. Bd3 a6 14. Bg5 Bc6
15. Bxf6 Bxf6 16. Re1 Qd5 17. Be4 Qd6 18. Bxc6+ Qxc6 19. Rc1 O-O 20. Qd3 Qd5 21.
Qe2 Rae8 22. Rc2 Rf7 23. Qe4 Rfe7 24. Qxd5 exd5 25. Rcc1 g5 26. Rxe7 Rxe7 27.
Kf1 g4 28. Nd2 Rf7 29. Re1 Kf8 30. Re6 Bg5 31. Nb3 h5 32. g3 Rf3 33. Rxa6 Be3
34. Ke2 Rxf2+ 35. Kxe3 Rf3+ 36. Ke2 Rxc3 37. Rf6+ Ke7 38. Kd2 Rf3 39. Rxf3 gxf3
40. Ke3 f2 41. Kxf2 Kd6 42. Kf3 Kc6 43. Kf4 Kd6 44. Kg5 Ke6 45. Kxh5 Kf5 46. g4+
Ke4 47. g5 c5 48. dxc5 d4 49. Nxd4 Kxd4 50. g6 Kc4 51. g7 Kxb4 52. g8=Q Kxc5 53.
Qb3 b4 54. a3 Kb5 55. axb4 Kb6 56. Qc4 Kb7 57. b5 Kb6 58. Kg5 Ka5 59. Kf5 Kb6
60. Ke5 Ka5 61. Kd5 Kb6 62. Qc5+ Ka5 63. Kc4 Ka4 64. Qb4# {Black checkmated} 1-0

[Event "Team 45 45 League T56"]
[Site "Internet Chess Club"]
[Date "2013.04.01"]
[Round "6"]
[White "SugarIslander"]
[Black "Smashandgrab"]
[Result "1-0"]
[WhiteElo "1690"]
[BlackElo "1824"]
[Opening "King's Indian: orthodox, Aronin-Taimanov, bayonet attack"]
[ECO "E97"]
[Time "15:00:23"]
[TimeControl "2700+45"]

1. d4 Nf6 2. c4 g6 3. Nc3 Bg7 4. e4 d6 5. Nf3 Nc6 6. Be2 e5 7. d5 Ne7 8. O-O O-O
9. b4 a5 10. bxa5 Rxa5 11. a4 b6 12. Bd2 Ra8 13. Qc2 Nd7 14. Ne1 f5 15. Nd3 Ba6
16. Nb4 Nc5 17. Nxa6 Rxa6 18. f3 Qd7 19. Be3 Rfa8 20. Bxc5 dxc5 21. Rfd1 Nc8 22.
exf5 gxf5 23. Ra2 Nd6 24. Nb5 Nxb5 25. cxb5 Ra5 26. Bd3 Rf8 27. Bc4 Kh8 28. Rd3
Raa8 29. Qd2 e4 30. fxe4 fxe4 31. Rda3 Bd4+ 32. Kh1 Rf2 33. Qh6 Raf8 34. Rxf2
Rxf2 35. Qe6 Rc2 36. g3 Qxe6 37. dxe6 Kg7 38. e7 {Black resigns} 1-0

[Event "Team 45 45 League T56"]
[Site "Internet Chess Club"]
[Date "2013.03.28"]
[Round "6"]
[White "nanning"]
[Black "MinnArkie"]
[Result "0-1"]
[WhiteElo "1586"]
[BlackElo "1589"]
[Opening "Sicilian: Grand Prix attack"]
[ECO "B23"]
[Time "12:57:44"]
[TimeControl "2700+45"]

1. e4 c5 2. Nc3 Nc6 3. f4 e5 4. Nf3 d6 5. Bb5 Bg4 6. Bxc6+ bxc6 7. O-O exf4 8.
d3 g5 9. Qe1 Bg7 10. Rb1 Qe7 11. Nxg5 Qxg5 12. Bxf4 Qe7 13. Qg3 Bd4+ 14. Kh1 Nf6
15. Bxd6 Qe6 16. Rbe1 Nh5 17. Qh4 Bf6 18. Rxf6 Nxf6 19. e5 Nd7 20. Ne4 h5 21.
Nf6+ Kd8 22. Nxg4+ Kc8 23. Ne3 Nxe5 24. Bxc5 Ng6 25. Qd4 h4 26. Nc4 Qxe1+ 27.
Qg1 Qxg1+ 28. Kxg1 Kd7 29. Kf2 Ke6 30. Nd2 f5 31. Nf3 Kd5 32. Bb4 Rae8 33. Bc3
Rh7 34. Nd4 Rhe7 35. Nxf5 Rf7 {White resigns} 0-1

[Event "Team 45 45 League T56"]
[Site "Internet Chess Club"]
[Date "2013.03.29"]
[Round "6"]
[White "ChessMaine"]
[Black "smsxman"]
[Result "1/2-1/2"]
[WhiteElo "1429"]
[BlackElo "1469"]
[Opening "Queen's pawn game"]
[ECO "D00"]
[Time "06:02:38"]
[TimeControl "2700+45"]

1. d4 d5 2. e3 Nc6 3. Nf3 Nf6 4. Nbd2 e6 5. c3 a6 6. Bd3 Bd7 7. O-O Be7 8. Re1
O-O 9. e4 dxe4 10. Nxe4 b5 11. Qc2 g6 12. Bh6 Re8 13. Rad1 b4 14. h3 Bf8 15. Bg5
Be7 16. Bh6 Bf8 17. Bg5 Be7 18. Bh6 {Game drawn by repetition} 1/2-1/2

[Event "Team 45 45 League T56"]
[Site "Internet Chess Club"]
[Date "2013.03.31"]
[Round "6"]
[White "hood"]
[Black "Schack"]
[Result "1/2-1/2"]
[WhiteElo "1719"]
[BlackElo "1685"]
[Opening "Ruy Lopez: 5.O-O"]
[ECO "C78"]
[Time "13:00:43"]
[TimeControl "2700+45"]

1. e4 e5 2. Nf3 Nc6 3. Bb5 a6 4. Ba4 Nf6 5. O-O b5 6. Bb3 Bc5 7. a4 Rb8 8. c3 d6
9. d4 Bb6 10. a5 Ba7 11. Bg5 h6 12. Bxf6 Qxf6 13. dxe5 Nxe5 14. Nxe5 dxe5 15.
Nd2 O-O 16. Qe2 Rd8 17. Rad1 Bb7 18. Qh5 Bc5 19. Nf3 Rxd1 20. Bxd1 Re8 21. Re1
Bd6 22. Nh4 Bc8 23. Re3 Qg5 24. Qxg5 hxg5 25. Nf3 f6 26. Bb3+ Kf8 27. h4 gxh4
28. Nxh4 Be6 29. Bxe6 Rxe6 30. Nf5 g6 31. Nh4 Kf7 32. Rg3 g5 33. Nf5 Bf8 34. Rd3
Ke8 35. Rh3 Kd7 36. Kf1 b4 37. Ke2 bxc3 38. bxc3 Rc6 39. Kd2 Rc5 40. Rd3+ Ke6
41. Rd8 Bd6 42. Re8+ Kd7 43. Rb8 Rxa5 44. Rb2 Bf8 45. Ne3 Ke6 46. g4 Bc5 47. Nd5
c6 48. Nb4 Bxb4 49. cxb4 Rb5 50. Ra2 Rxb4 51. Rxa6 Rxe4 52. Rxc6+ Kf7 53. f3 Rf4
54. Ke3 Ra4 55. Rc7+ Kg6 56. Rc5 Rf4 57. Rc6 Rb4 58. Kd3 Ra4 59. Ke3 Rd4 60. Rb6
Ra4 61. Rc6 Rd4 62. Rb6 Ra4 63. Rc6 Rb4 64. Rd6 Ra4 65. Rc6 Rb4 {Game drawn by
repetition} 1/2-1/2

[Event "Team 45 45 League T56"]
[Site "Internet Chess Club"]
[Date "2013.04.01"]
[Round "6"]
[White "spongenotbob"]
[Black "joebobpop"]
[Result "1-0"]
[WhiteElo "1837"]
[BlackElo "1741"]
[Opening "Grünfeld: exchange variation"]
[ECO "D85"]
[Time "22:02:08"]
[TimeControl "2700+45"]

1. d4 Nf6 2. c4 g6 3. Nc3 d5 4. cxd5 Nxd5 5. e4 Nxc3 6. bxc3 Bg7 7. Be3 c5 8.
Rc1 Nc6 9. d5 Nb8 10. Bxc5 Nd7 11. Bd4 Nf6 12. Nf3 O-O 13. Bd3 Bd7 14. O-O Re8
15. Qd2 Qc7 16. Rb1 Bg4 17. Be5 Qc8 18. Qe3 Nd7 19. Bxg7 Kxg7 20. Qd4+ Kg8 21.
Ne5 Nxe5 22. Qxe5 f6 23. Qd4 Rd8 24. Qc4 Qxc4 25. Bxc4 Rd7 26. f3 Bxf3 27. gxf3
b6 28. Bb5 Rd6 29. Bc6 Rc8 30. a4 e6 31. c4 e5 32. Ra1 Rf8 33. a5 Rb8 34. axb6
axb6 35. Rfb1 Rdd8 36. Ra6 f5 37. Rbxb6 Rxb6 38. Rxb6 h5 39. Ra6 Kf7 40. d6 Ke6
41. Bd5+ Kd7 42. c5 Rc8 43. Ra7+ Kd8 44. c6 f4 45. c7+ Kd7 46. Ra8 Rxa8 47. Bxa8
Kc8 48. Bd5 Kd7 49. Be6+ Kxe6 50. c8=Q+ Kxd6 51. Kf2 g5 52. Ke2 h4 53. Kd3 h3
54. Kc4 Ke7 55. Kd5 g4 56. Qe6+ Kf8 57. Qd7 gxf3 58. Ke6 Kg8 59. Kf6 f2 60. Qg7#
{Black checkmated} 1-0

[Event "Team 45 45 League T56"]
[Site "Internet Chess Club"]
[Date "2013.03.29"]
[Round "6"]
[White "LiangLiang"]
[Black "drsigmund1"]
[Result "1-0"]
[WhiteElo "1690"]
[BlackElo "1618"]
[Opening "French: Tarrasch, closed variation"]
[ECO "C05"]
[Time "17:00:43"]
[TimeControl "2700+45"]

1. e4 e6 2. d4 d5 3. Nd2 Nf6 4. e5 Nfd7 5. c3 c5 6. g3 Nc6 7. Ne2 cxd4 8. cxd4
Be7 9. Nf3 O-O 10. Bg2 f6 11. exf6 Bxf6 12. O-O Nb6 13. b3 Bd7 14. Ba3 Be7 15.
Bc5 Be8 16. Nf4 Rf6 17. Re1 Bf7 18. Bh3 Qd7 19. Qe2 Bd6 20. Bxb6 Bxf4 21. Bc5 b6
22. gxf4 bxc5 23. Ne5 Nxe5 24. Qxe5 cxd4 25. Rad1 Qc6 26. Rxd4 Qc3 27. Bg2 Rc8
28. Bf1 Qf3 29. Bd3 Qg4+ 30. Kf1 Qh3+ 31. Ke2 Bh5+ 32. Kd2 Rcf8 33. f5 Qh4 34.
Rxh4 {Black resigns} 1-0

[Event "Team 45 45 League T56"]
[Site "Internet Chess Club"]
[Date "2013.03.26"]
[Round "6"]
[White "SpeedBlade"]
[Black "DouDou"]
[Result "1-0"]
[WhiteElo "1657"]
[BlackElo "1752"]
[Opening "Grünfeld: Russian variation"]
[ECO "D97"]
[Time "22:21:50"]
[TimeControl "2700+45"]

1. d4 Nf6 2. c4 g6 3. Nc3 d5 4. Nf3 Bg7 5. Qb3 dxc4 6. Qxc4 Be6 7. Qb5+ Nbd7 8.
Qxb7 O-O 9. Qc6 Rb8 10. e4 Nb6 11. Be2 Bd7 12. Qc5 e6 13. Bf4 Rb7 14. Ba6 Qb8
15. O-O Rc8 16. Rac1 Na4 17. Nxa4 Bxa4 18. Bxb7 Qxb7 19. b3 Nxe4 20. Qe7 Bf6 21.
Rxc7 Rxc7 22. Qxc7 Qxc7 23. Bxc7 Bc6 24. Rc1 Bd5 25. Be5 Be7 26. Rc8+ Bf8 27.
Bf4 Kg7 28. Rc7 Bb4 29. Ne5 Nd6 30. Rxa7 Bc3 31. Rd7 Bb4 32. Nd3 Bc6 33. Rc7
{Black resigns} 1-0

[Event "Team 45 45 League T56"]
[Site "Internet Chess Club"]
[Date "2013.03.30"]
[Round "6"]
[White "guyd52"]
[Black "sockmonkey"]
[Result "0-1"]
[WhiteElo "1328"]
[BlackElo "1716"]
[Opening "Réti opening"]
[ECO "A05"]
[Time "06:00:11"]
[TimeControl "2700+45"]

1. Nf3 Nf6 2. g3 d5 3. Bg2 c6 4. d3 Bg4 5. O-O Nbd7 6. Nbd2 e5 7. e4 dxe4 8.
Nxe4 Nxe4 9. dxe4 Bc5 10. Qd3 O-O 11. Be3 Bxe3 12. Qxe3 Qb6 13. Qxb6 axb6 14. a4
Rfe8 15. b3 Nc5 16. Nd2 Rad8 17. Nc4 Be2 18. Rfc1 Bxc4 19. bxc4 Rd4 20. a5 bxa5
21. Rxa5 Rxc4 22. f3 Nb3 23. Bf1 Nxa5 24. Bxc4 Nxc4 25. Ra1 g6 26. Ra7 b6 27.
Rd7 Ra8 28. Rd3 Ra1+ 29. Kf2 Ra3 30. Rd8+ Kg7 31. Ke2 Re3+ 32. Kf2 Rc3 33. Ke2
Rxc2+ 34. Kd3 Rd2+ 35. Kxc4 Rxd8 36. h4 f5 37. g4 fxg4 38. fxg4 Rd4+ 39. Kc3
Rxe4 40. h5 Rxg4 41. hxg6 Rxg6 42. Kd3 Rg4 43. Ke3 Kg6 44. Kd3 h5 45. Ke3 h4 46.
Kf3 Kf5 47. Kf2 h3 48. Kf3 h2 49. Kf2 h1=Q 50. Ke3 Qh3+ 51. Kf2 Rg2+ 52. Kf1
Qh1# {White checkmated} 0-1

[Event "Team 45 45 League T56"]
[Site "Internet Chess Club"]
[Date "2013.03.31"]
[Round "6"]
[White "Aquaman"]
[Black "kirkig"]
[Result "1-0"]
[WhiteElo "1363"]
[BlackElo "1056"]
[Opening "Réti: King's Indian attack (Barcza system)"]
[ECO "A07"]
[Time "20:00:27"]
[TimeControl "2700+45"]

1. Nf3 d5 2. g3 Nf6 3. Bg2 Bf5 4. d3 Nc6 5. Nbd2 e5 6. e4 dxe4 7. dxe4 Bxe4 8.
Nxe4 Qxd1+ 9. Kxd1 Nxe4 10. Be3 O-O-O+ 11. Ke2 Bc5 12. Nxe5 Nxe5 13. Bxe4 Bxe3
14. fxe3 g6 15. b3 f5 16. Bg2 Rhe8 17. Bh3 Ng4 18. Bxg4 fxg4 19. Rad1 Rd7 20.
Rxd7 Kxd7 21. Rd1+ Ke7 22. Rd4 Kf6 23. Rxg4 Re5 24. Rf4+ Kg5 25. Rf7 Rc5 26. c4
h5 27. Rf4 b5 28. h4+ Kh6 29. Kd3 b4 30. Kd4 Ra5 31. Rf2 c5+ 32. Kd5 Kg7 33. e4
Kh6 34. e5 g5 35. e6 gxh4 36. Rh2 hxg3 37. Rg2 h4 38. e7 h3 39. Rxg3 h2 40. Rh3+
Kg7 41. Rxh2 Kf7 42. Re2 Ke8 43. Kc6 a6 44. Kb6 Ra3 45. Kxc5 Ra5+ 46. Kxb4 Rf5
47. c5 Rf7 48. Ka5 Rxe7 49. Rxe7+ Kxe7 50. Kxa6 Kd7 51. Kb6 Kc8 52. Kc6 Kb8 53.
Kd7 Kb7 54. c6+ Kb6 55. c7 Ka7 56. c8=Q Kb6 57. Qc6+ Ka7 58. b4 Kb8 59. b5 Ka7
60. b6+ Kb8 61. Qc7+ Ka8 62. Qa7# {Black checkmated} 1-0

[Event "Team 45 45 League T56"]
[Site "Internet Chess Club"]
[Date "2013.03.31"]
[Round "6"]
[White "WilmaP"]
[Black "semperfi"]
[Result "0-1"]
[WhiteElo "1104"]
[BlackElo "1371"]
[Opening "French defense"]
[ECO "C00"]
[Time "12:30:45"]
[TimeControl "2700+45"]

1. e4 e6 2. Nf3 d5 3. Bd3 dxe4 4. Bxe4 Nf6 5. Bd3 c5 6. Bc4 Nc6 7. d3 Qa5+ 8.
Bd2 Qb6 9. b3 Bd6 10. O-O Ne5 11. Re1 Qc7 12. Bf4 Nxf3+ 13. Qxf3 Bxf4 14. Nc3
Bd7 15. Ne2 Bxh2+ 16. Kh1 Be5 17. c3 Bc6 18. Qe3 b6 19. d4 Ng4 20. Qd3 Nxf2+ 21.
Kg1 Nxd3 22. Bxd3 Bg3 23. Nxg3 Qxg3 24. Re2 Qxd3 25. Rf2 Qxc3 26. Raf1 Qxd4 27.
Kh1 O-O 28. Rf4 Qd5 29. R1f2 Rad8 30. Kg1 Bb5 31. g3 Qd1+ 32. Kg2 Bc6+ 33. Kh2
Qh1# {White checkmated} 0-1

[Event "Team 45 45 League T56"]
[Site "Internet Chess Club"]
[Date "2013.03.31"]
[Round "6"]
[White "RobertBuice"]
[Black "wekabird"]
[Result "0-1"]
[WhiteElo "1072"]
[BlackElo "1112"]
[Opening "QGD semi-Slav"]
[ECO "D43"]
[Time "21:00:05"]
[TimeControl "2700+45"]

1. d4 d5 2. c4 c6 3. Nf3 e6 4. Nc3 Nf6 5. Bg5 Be7 6. e3 O-O 7. Qc2 b6 8. a3 dxc4
9. Bxc4 Ba6 10. Bxa6 Nxa6 11. O-O Nb8 12. Rfd1 Nbd7 13. Ne5 Rc8 14. Rac1 Nd5 15.
Bxe7 Qxe7 16. Nxd5 exd5 17. Nxc6 Qe8 18. Qa4 Nf6 19. Qxa7 Rxc6 20. b3 Rxc1 21.
Rxc1 h6 22. Qxb6 Qe4 23. h3 Qd3 24. a4 Qd2 25. Ra1 Ne4 26. a5 Qxf2+ 27. Kh2 Qg3+
28. Kg1 Qxe3+ 29. Kh2 Qxd4 30. Ra4 Qxb6 {White resigns} 0-1

[Event "Team 45 45 League T56"]
[Site "Internet Chess Club"]
[Date "2013.03.31"]
[Round "6"]
[White "tornado100"]
[Black "globulon"]
[Result "1-0"]
[WhiteElo "1371"]
[BlackElo "1293"]
[Opening "Bishop's opening: Berlin defense"]
[ECO "C24"]
[Time "10:30:28"]
[TimeControl "2700+45"]

1. e4 e5 2. Bc4 Nf6 3. d3 Bc5 4. Nc3 d6 5. Nf3 O-O 6. O-O Nc6 7. Bg5 Bg4 8. Nd5
Nd4 9. Nxf6+ gxf6 10. Be3 Nxf3+ 11. gxf3 Bh3 12. Re1 f5 13. Kh1 Bxe3 14. fxe3
Kh8 15. Rg1 Rg8 16. Bxf7 Rg7 17. Rxg7 Kxg7 18. Be6 Qe7 19. Bxf5 Bxf5 20. exf5
Qg5 21. Qg1 Kf6 22. Qxg5+ Kxg5 23. Rg1+ Kxf5 24. Rg7 Rc8 25. Rxh7 Ke6 26. Kg2
Kd5 27. Rh4 Rg8+ 28. Rg4 Rf8 29. h4 Rh8 30. Kg3 Ke6 31. Rg5 Kf6 32. Kg4 Rh7 33.
h5 Rg7 34. Rxg7 Kxg7 35. f4 exf4 36. exf4 Kf6 37. f5 Kg7 38. Kg5 Kh7 39. Kf6 Kh6
40. Kf7 Kxh5 41. f6 Kg5 42. Kg7 {Black resigns} 1-0

[Event "Team 45 45 League T56"]
[Site "Internet Chess Club"]
[Date "2013.03.29"]
[Round "6"]
[White "dknight"]
[Black "Sanjaya"]
[Result "1-0"]
[WhiteElo "1294"]
[BlackElo "1054"]
[Opening "QGD Slav defense: exchange variation"]
[ECO "D10"]
[Time "20:28:39"]
[TimeControl "2700+45"]

1. d4 d5 2. c4 c6 3. cxd5 cxd5 4. Nc3 Qa5 5. Bd2 Nc6 6. Nf3 Bg4 7. e3 e5 8. Nb5
Qb6 9. Rc1 exd4 10. exd4 Nxd4 11. Nbxd4 Bxf3 12. Nxf3 Bc5 13. Bd3 Bxf2+ 14. Kf1
Bh4 15. Nxh4 {Black resigns} 1-0

[Event "Team 45 45 League T56"]
[Site "Internet Chess Club"]
[Date "2013.03.31"]
[Round "6"]
[White "theartist"]
[Black "MasterD"]
[Result "0-1"]
[WhiteElo "1130"]
[BlackElo "1172"]
[Opening "King's Indian: 4.e4"]
[ECO "E70"]
[Time "13:31:24"]
[TimeControl "2700+45"]

1. d4 Nf6 2. c4 g6 3. Nc3 Bg7 4. e4 O-O 5. e5 Ne8 6. Nf3 d6 7. Be2 dxe5 8. dxe5
Qxd1+ 9. Bxd1 Nc6 10. Bf4 Bg4 11. O-O Bxf3 12. Bxf3 Nxe5 13. Bxe5 Bxe5 14. Rac1
Nd6 15. Rfe1 Nxc4 16. Be2 Nxb2 17. Nd5 Bd6 18. Nxc7 Rac8 19. Nd5 e6 20. Ne3 Bf4
21. g3 Bxe3 22. fxe3 f5 23. Bf1 Rfd8 24. Rxc8 Rxc8 25. Re2 Na4 26. Rd2 Rc7 27.
Bg2 b5 28. Rd3 a5 29. Rd8+ Kf7 30. Ra8 Rc2 31. Rxa5 Nc3 32. Bf1 Rxa2 33. Rxa2
Nxa2 34. Bxb5 Nc3 35. Bc4 Kf6 36. Kg2 h5 37. h3 Ke5 38. Kf3 g5 39. Bd3 g4+ 40.
hxg4 hxg4+ 41. Kf2 Ne4+ 42. Kg2 Kd5 43. Ba6 e5 44. Bb7+ Kc4 45. Bc8 Nd6 46. Ba6+
Kc3 47. Be2 Kd2 48. Kf2 Ne4+ 49. Kg2 Kxe2 50. Kh2 Kxe3 51. Kg2 f4 52. gxf4 exf4
53. Kf1 f3 54. Ke1 f2+ 55. Kf1 Nd2+ {White resigns} 0-1

[Event "Team 45 45 League T56"]
[Site "Internet Chess Club"]
[Date "2013.03.29"]
[Round "6"]
[White "JWB"]
[Black "QuieroAprender"]
[Result "0-1"]
[WhiteElo "1703"]
[BlackElo "1753"]
[Opening "Ruy Lopez: exchange variation, 5.O-O"]
[ECO "C68"]
[Time "17:33:34"]
[TimeControl "2700+45"]

1. Nf3 Nc6 2. e4 e5 3. Bb5 a6 4. Bxc6 dxc6 5. O-O Bd6 6. d4 Bg4 7. dxe5 Bxf3 8.
Qxf3 Bxe5 9. Rd1 Qf6 10. Qxf6 Nxf6 11. f4 Bd6 12. Nc3 O-O-O 13. Be3 Ng4 14. Bf2
Bxf4 15. h3 Nxf2 16. Kxf2 Be5 17. Kf3 Bxc3 18. bxc3 Rxd1 19. Rxd1 Rd8 20. Rd3
Rd6 21. Rd4 Rf6+ 22. Ke2 Re6 23. Kf3 c5 24. Rd5 b6 25. a4 c6 26. Rg5 g6 27. h4
h6 28. Rg4 b5 29. a5 b4 30. Rf4 f6 31. cxb4 cxb4 32. e5 Rxe5 33. Rxf6 Kd7 34.
Rxg6 h5 35. Rg5 Ke6 36. Kf4 Re2 37. Rc5 Kd6 38. Rxh5 Rxg2 39. Rh6+ Kc5 40. Rh5+
Kc4 41. Rh6 Kb5 42. Rh5+ c5 43. Rg5 Rxc2 44. h5 b3 45. Rg7 b2 46. Rb7+ Kxa5 47.
h6 Rh2 48. Kg5 c4 49. Kg6 c3 50. h7 Rxh7 51. Kxh7 c2 52. Rxb2 c1=Q {White
resigns} 0-1

[Event "Team 45 45 League T56"]
[Site "Internet Chess Club"]
[Date "2013.03.29"]
[Round "6"]
[White "julesraider"]
[Black "arvindsp"]
[Result "1/2-1/2"]
[WhiteElo "1538"]
[BlackElo "1529"]
[Opening "QGD: 3.Nc3"]
[ECO "D31"]
[Time "20:01:01"]
[TimeControl "2700+45"]

1. d4 d5 2. c4 e6 3. Nc3 Nc6 4. Nf3 Bb4 5. a3 Bxc3+ 6. bxc3 Nf6 7. cxd5 exd5 8.
h3 O-O 9. Bg5 h6 10. Bh4 Qd6 11. e3 Ne4 12. Qc2 Re8 13. Nd2 Nxd2 14. Qxd2 Bf5
15. Bg3 Qe7 16. c4 dxc4 17. Bxc4 Rad8 18. O-O Be4 19. Rfc1 Bd5 20. Be2 Rd7 21.
Qb2 Rb8 22. Bb5 Qe6 23. Rc3 a6 24. Bd3 Be4 25. Bc4 Bd5 26. Bd3 Be4 27. Bc4 Bd5
28. Bxd5 Qxd5 29. Bxc7 Rxc7 30. Rc5 Qd7 31. Rac1 Rbc8 32. Qb6 Kh7 33. d5 g6 34.
dxc6 Rxc6 35. Rxc6 Rxc6 36. Rxc6 Qxc6 37. Qb3 Qc1+ 38. Kh2 Qc7+ 39. Kg1 Qc1+ 40.
Kh2 Qc7+ 41. Kg1 Qc1+ 42. Kh2 {Game drawn by repetition} 1/2-1/2

[Event "Team 45 45 League T56"]
[Site "Internet Chess Club"]
[Date "2013.03.29"]
[Round "6"]
[White "kevinbliu"]
[Black "Helaman"]
[Result "1/2-1/2"]
[WhiteElo "1576"]
[BlackElo "1841"]
[Opening "Ruy Lopez: Berlin defense, open variation"]
[ECO "C67"]
[Time "20:00:46"]
[TimeControl "2700+45"]

1. e4 e5 2. Nf3 Nc6 3. Bb5 Nf6 4. O-O Nxe4 5. d4 Nd6 6. Bxc6 dxc6 7. dxe5 Nf5 8.
Qxd8+ Kxd8 9. Nc3 Ke8 10. Ne4 Be6 11. a3 Be7 12. Bf4 Rd8 13. Rad1 Rxd1 14. Rxd1
h6 15. Nd4 Nxd4 16. Rxd4 g5 17. Be3 Kf8 18. Rd2 Kg7 19. Bc5 Bxc5 20. Nxc5 Bc8
21. g3 Re8 22. f4 f6 23. exf6+ Kxf6 24. Kf2 gxf4 25. gxf4 b6 26. Nd7+ Kf5 27.
Ne5 Kxf4 28. Nxc6 a5 29. b4 axb4 30. axb4 Bb7 31. Nd4 Rg8 32. Ne2+ Ke5 33. Ng3
Rf8+ 34. Ke3 Rf3+ 35. Ke2 Rc3 36. Kd1 Bf3+ 37. Kc1 Rc4 38. Rd3 Kf4 39. c3 Be4
40. Nxe4 Rxe4 41. Kd2 Re7 42. Rg3 Rd7+ 43. Ke2 Rd6 44. Rf3+ Ke5 45. Ke3 Rc6 46.
Kd3 b5 47. h3 Rd6+ 48. Ke3 Rc6 49. Kd3 Rd6+ 50. Ke3 c6 51. Rf4 Rg6 52. Kf3 h5
53. Re4+ Kf5 54. Rf4+ Ke6 55. Re4+ Kd5 56. Rd4+ Ke5 57. Re4+ Kf5 58. Rf4+ Ke6
{Game drawn by mutual agreement} 1/2-1/2

[Event "Team 45 45 League T56"]
[Site "Internet Chess Club"]
[Date "2013.03.30"]
[Round "6"]
[White "badmove"]
[Black "SATELLITE-DAN"]
[Result "1-0"]
[WhiteElo "1659"]
[BlackElo "1494"]
[Opening "Catalan: closed, Botvinnik variation"]
[ECO "D43"]
[Time "18:01:36"]
[TimeControl "2700+45"]

1. d4 Nf6 2. c4 e6 3. Nc3 d5 4. Nf3 c6 5. g3 Nbd7 6. Bg2 Be7 7. O-O O-O 8. Qd3
Qc7 9. Bf4 Bd6 10. Bxd6 Qxd6 11. Rfd1 a5 12. a4 b6 13. e4 dxe4 14. Nxe4 Nxe4 15.
Qxe4 Nf6 16. Qe5 Qb4 17. Qe2 Bb7 18. Ne5 Rac8 19. g4 Qe7 20. g5 Nd7 21. Nxd7
Qxd7 22. Ra3 Qe7 23. f4 Rfe8 24. Rb3 Qc7 25. Qe5 b5 26. Qxc7 Rxc7 27. cxb5 cxb5
28. Bxb7 Rxb7 29. Rxb5 Reb8 30. Rc1 h6 31. Rcc5 hxg5 32. fxg5 Kf8 33. Kf2 Rxb5
34. Rxb5 Rxb5 35. axb5 Ke7 36. h4 g6 37. Ke3 Kd6 38. Ke4 a4 39. b6 {Black
resigns} 1-0

[Event "Team 45 45 League T56"]
[Site "Internet Chess Club"]
[Date "2013.03.31"]
[Round "6"]
[White "jps7"]
[Black "ILRE"]
[Result "1-0"]
[WhiteElo "1814"]
[BlackElo "1596"]
[Opening "Queen's pawn game"]
[ECO "A46"]
[Time "20:00:16"]
[TimeControl "2700+45"]

1. d4 Nf6 2. Nf3 d6 3. e3 g6 4. Nc3 Bg7 5. Be2 O-O 6. e4 Nbd7 7. h4 e5 8. Bg5
exd4 9. Nxd4 a6 10. Qd2 Qe8 11. f3 Ne5 12. Bh6 Nh5 13. g4 Ng3 14. Rg1 Nxe2 15.
Kxe2 Nc4 16. Qc1 Bxd4 17. Bxf8 Bxg1 18. Qxg1 Qxf8 19. Nd5 Qd8 20. Qd4 Ne5 21. g5
Be6 22. Nf6+ Kg7 23. f4 c5 24. Qc3 Bc4+ 25. Kf2 b5 26. fxe5 dxe5 27. Ng4 Qd4+
28. Qxd4 exd4 29. b3 Be6 30. Nf6 Rb8 31. a4 c4 32. axb5 axb5 33. b4 h6 34. Rd1
hxg5 35. hxg5 Rd8 36. Rh1 Rh8 37. Rxh8 Kxh8 38. Ne8 Kg8 39. Kf3 Kf8 40. Nc7 Bd7
41. Kf4 Bc6 42. Na6 d3 43. cxd3 c3 44. Ke3 Ke7 45. Nc5 f6 46. gxf6+ Kxf6 47. d4
Kg5 48. d5 Be8 49. d6 Bc6 50. d7 Bxd7 51. Nxd7 c2 52. Kd2 Kf4 53. e5 c1=Q+ 54.
Kxc1 Kf5 55. Kd2 Ke6 56. Nf8+ Kxe5 57. Nxg6+ Kd4 58. Nf4 Kc4 59. Nd3 Kd4 60. Ke2
Kc4 61. Ke3 Kd5 62. Nb2 Ke5 63. Kd3 Kd5 64. Kc3 Ke4 65. Nd3 Ke3 66. Nc5 Kf4 67.
Kd4 Kf5 68. Nb7 Ke6 69. Kc5 Kd7 70. Kxb5 Kc7 71. Ka6 Kb8 72. Nc5 Ka8 73. Kb6 Kb8
74. Na6+ Ka8 75. Kc7 Ka7 76. Nc5 Ka8 77. b5 {Black resigns} 1-0

[Event "Team 45 45 League T56"]
[Site "Internet Chess Club"]
[Date "2013.04.02"]
[Round "6"]
[White "seattleblues"]
[Black "Megasus"]
[Result "1-0"]
[WhiteElo "1437"]
[BlackElo "1550"]
[Opening "Queen's pawn game"]
[ECO "A46"]
[Time "05:31:09"]
[TimeControl "2700+45"]

1. d4 Nf6 2. Nf3 d6 3. Bf4 Nh5 4. Bg5 h6 5. Bh4 c6 6. c3 Qb6 7. Qb3 Bf5 8. Nbd2
Na6 9. e3 d5 10. Be2 f6 11. Ng1 g5 12. Bxh5+ Kd8 13. Bg3 e6 14. Bf3 h5 15. h3 c5
16. e4 c4 17. Qxb6+ axb6 18. exf5 Ke7 19. fxe6 Kxe6 20. O-O-O Rd8 21. Re1+ Kf7
22. Bd1 b5 23. Nf1 Rd7 24. Ne3 Re7 25. Nf3 {Black resigns} 1-0

[Event "Team 45 45 League T56"]
[Site "Internet Chess Club"]
[Date "2013.03.28"]
[Round "6"]
[White "clarinetref"]
[Black "rookmaster23"]
[Result "1/2-1/2"]
[WhiteElo "1631"]
[BlackElo "1681"]
[Opening "Réti opening"]
[ECO "A04"]
[Time "20:04:16"]
[TimeControl "2700+45"]

1. Nf3 g6 2. g3 Bg7 3. Bg2 Nf6 4. Nc3 O-O 5. b3 d5 6. e3 c5 7. Bb2 Nc6 8. O-O d4
9. exd4 cxd4 10. Nb5 d3 11. Ne5 Qb6 12. Nxc6 bxc6 13. Na3 Bg4 14. Nc4 Bxd1 15.
Nxb6 axb6 16. Rfxd1 dxc2 17. Rdc1 Nd5 18. Bxg7 Kxg7 19. Rxc2 Nb4 20. Rc4 Rxa2
21. Rxa2 Nxa2 22. Rxc6 Rd8 23. Rxb6 Rxd2 24. b4 Rd1+ 25. Bf1 Rb1 26. b5 Nc3 27.
Kg2 Ne4 28. Bd3 Rb4 29. Bxe4 Rxe4 30. Rb8 Rb4 31. b6 Kf6 32. Kf3 Ke6 33. b7 Kd7
34. Rf8 Rxb7 35. Rxf7 h5 36. Rg7 Rb6 37. h4 Rf6+ 38. Ke3 Ke8 39. Rg8+ Kf7 40.
Rb8 Rd6 41. Rb4 e5 42. Ke4 Kf6 43. f3 Ke6 44. Rb5 Rd4+ 45. Ke3 Rd5 46. Rb6+ Rd6
47. Rb8 Kf5 48. Rf8+ Rf6 49. g4+ hxg4 50. fxg4+ Ke6 51. Re8+ Kd5 52. Rd8+ Rd6
53. Ra8 Ke6 54. Re8+ Kd5 55. Ra8 Kc6 56. Ra5 Re6 57. Ke4 Kd6 58. Rd5+ Ke7 59.
Rxe5 Kf6 60. Rxe6+ Kxe6 61. Kf4 Kf6 62. Ke4 Ke6 63. Kd4 Kd6 64. Ke4 Ke6 {Game
drawn by repetition} 1/2-1/2

[Event "Team 45 45 League T56"]
[Site "Internet Chess Club"]
[Date "2013.03.30"]
[Round "6"]
[White "sdcohle"]
[Black "PostMike"]
[Result "0-1"]
[WhiteElo "1401"]
[BlackElo "1570"]
[Opening "Queen's Indian: Petrosian system"]
[ECO "E00"]
[Time "14:28:33"]
[TimeControl "2700+45"]

1. d4 Nf6 2. c4 e6 3. a3 b6 4. Nf3 Bb7 5. e3 c5 6. Be2 d5 7. O-O dxc4 8. Bxc4
Nbd7 9. dxc5 Bxc5 10. b4 Be7 11. Bb2 O-O 12. Qe2 a5 13. bxa5 Rxa5 14. Nc3 Qa8
15. Rfd1 Bxa3 16. Bxa3 Rxa3 17. Ra2 Rxa2 18. Nxa2 Rc8 19. Bb5 Bc6 20. Bxc6 Qxc6
21. Rc1 Qb7 22. Rd1 Rc5 23. Nb4 Qc8 24. Nd3 Rd5 25. e4 Ra5 26. Rc1 Qa8 27. e5
Nd5 28. Qd2 Ra1 29. Qc2 Rxc1+ 30. Qxc1 Qb7 31. Qb2 Qc7 32. Qb5 g6 33. g3 Nc3 34.
Qb4 Nd5 35. Qh4 b5 36. Qh6 b4 37. Ng5 Nf8 38. h4 b3 39. h5 b2 40. Nxb2 Qc1+ 41.
Kg2 Qxb2 42. hxg6 fxg6 43. Nxh7 Qb8 44. Nf6+ Nxf6 45. exf6 Qb7+ 46. Kh3 Qh7 47.
Qxh7+ Kxh7 48. Kh4 Kg8 49. g4 Kf7 50. g5 e5 51. f3 Ne6 52. Kg4 Nf4 53. Kg3 Ke6
54. Kf2 Kf5 55. Ke3 Ne6 56. Kd3 Nxg5 57. Ke3 Nf7 58. Kf2 Kf4 59. Ke2 g5 60. Kf2
Kf5 61. Kg3 Kxf6 62. Kg4 Nh6+ 63. Kg3 Nf5+ 64. Kf2 Nd4 65. Ke3 Kf5 66. Kf2 Kf4
67. Kg2 Nxf3 68. Kf2 e4 69. Kf1 Ke3 70. Kg2 Kd2 71. Kf2 Ne5 72. Kf1 e3 73. Kg2
e2 74. Kg3 e1=Q+ 75. Kg2 g4 76. Kh2 g3+ 77. Kg2 Qf2+ 78. Kh3 Qh2# {White
checkmated} 0-1